 Dungeon Crawl Stone Soup version 0.30.1-9-gdf580d7c3d (webtiles) character file.

Game seed: 15117053453692185456

6540 hawla the Arsonist (level 11, -1/84 (89) HPs)
             Began as a Meteoran Fire Elementalist on Oct 20, 2023.
             Was a Believer of Vehumet.
             Slain by a wight
             ... wielding a +4 hand axe of freezing
              (6 damage)
             ... on level 10 of the Dungeon on Oct 21, 2023.
             The game lasted 00:17:01 (3156 turns).

hawla the Arsonist (Meteoran Fire Elementalist)     Turns: 3156, Time: 00:17:02

HP:   -1/84 (89)    AC:  7    Str: 11    XL:     11   Next: 43%
MP:   8/26          EV: 14    Int: 21    God:    Vehumet [**....]
Gold: 226           SH:  5    Dex: 14    Spells: 24/31 levels left

rFire   . . .        z - staff of cold
rCold   + . .        (no shield)
rNeg    . . .        p - +0 steam dragon scales
rPois   .            (helmet restricted)
rElec   .            (no cloak)
rCorr   .            k - +1 pair of gloves
SInv    .            (no boots)
Will    +....        m - amulet of reflection
Stlth   +            w - +4 ring of slaying
HPRegen 0.34/turn    (no ring)
MPRegen 0.20/turn

%: reflection
@: about to teleport, glowing, drained
A: sense surroundings 2, otherworldly, glowing, explore regen, horns 1, robust 1
a: Renounce Religion


You were on level 10 of the Dungeon.
You worshipped Vehumet.
Vehumet was pleased with you.
You visited 2 branches of the dungeon, and saw 11 of its levels.

You collected 226 gold pieces.

Inventory:

Hand Weapons
 d - a +0 hand axe of flaming
 e - a +2 heavy morningstar
Armour
 k - a +1 pair of gloves (worn)
 p - +0 steam dragon scales (worn)
Magical Staves
 y - the staff of conjuration "Axaazeul" {rElec rF- rC+ Str+6}
   (You found it on level 9 of the Dungeon)

   [staff of conjuration]

   Base accuracy: +5 Base damage: 5 Base attack delay: 1.2 This weapon's minimum
   attack delay (0.6) is reached at skill level 12.
   Str:       It affects your strength (+6).
   rF:        It makes you vulnerable to fire.
   rC:        It protects you from cold.
   rElec:     It insulates you from electricity.
   It falls into the 'Staves' category.
   It is a one-handed weapon.
 z - a staff of cold (weapon)
Jewellery
 c - a ring of ice
 m - an amulet of reflection (around neck)
 w - a +4 ring of slaying (left hand)
 A - the Hermit's Pendant {Faith Invo=14 Evo=0 MP+5}
   (You found it on level 10 of the Dungeon)

   [amulet of faith]

   Invo=14: It sets your Invocations skill to 14.
   Evo=0: It sets your Evocations skill to 0.
   It allows you to gain divine favour quickly.
   MP:        It affects your magic capacity (+5).
Wands
 a - a wand of roots (13)
 l - a wand of flame (44) (quivered)
Scrolls
 b - 5 scrolls of identify
 f - a scroll of fear
 i - a scroll of noise
 q - a scroll of magic mapping {unknown}
 t - a scroll of immolation {unknown}
 u - a scroll of poison {unknown}
Potions
 n - 2 potions of attraction
 o - a potion of lignification
 r - 2 potions of heal wounds
 s - a potion of curing {unknown}
 v - a potion of brilliance {unknown}
 x - a potion of resistance


   Skills:
 - Level 2.9 Fighting
 - Level 2.9(3.4) Axes
 - Level 3.1(5.2) Maces & Flails
 + Level 4.9(5.3) Staves
 - Level 5.3 Dodging
 - Level 1.4 Stealth
 - Level 10.7 Spellcasting
 - Level 7.8 Conjurations
 - Level 11.0 Fire Magic
 - Level 3.0 Ice Magic
 - Level 3.4 Evocations


You had 24 spell levels left.
You knew the following spells:

 Your Spells              Type           Power      Damage    Failure   Level
a - Foxfire               Conj/Fire      100%       2x1d9     1%          1
b - Scorch                Fire           100%       2d9       1%          2
c - Flame Wave            Conj/Fire      50%        2d12      1%          4

Your spell library contained the following spells:

 Spells                   Type           Power      Damage    Failure   Level
 Momentum Strike          Conj/Tloc      54%        3d9       1%          2
 Inner Flame              Hex/Fire       34%        N/A       1%          3
 Volatile Blastmotes      Fire/Tloc      68%        2d15      1%          3
 Call Canine Familiar     Summ           11%        N/A       19%         3
 Portal Projectile        Hex/Tloc       22%        N/A       19%         3
 Leda's Liquefaction      Hex/Erth       5%         N/A       52%         4


Dungeon Overview and Level Annotations

Branches:
Dungeon (10/15) Zot: 2897  Temple (1/1) D:5 Zot: 522
   Lair: D:8-11         Orc: D:9-12

Altars:
Ashenzari
Cheibriados
Elyvilon
Fedhas
Gozag
Hepliaklqana
Kikubaaqudgha
Makhleb
Nemelex Xobeh
Okawaru
Qazlal
Ru
Sif Muna
Trog
Uskayaw
Vehumet
Wu Jian
Xom
Yredelemnul
Zin

Shops:
D:5 [   D:9 :


Innate Abilities, Weirdness & Mutations

You passively map the area around you.
You are easily found by Zot.
You glow in the dark.
You regain HP and MP as you explore.
You have a pair of small horns on your head.
You are robust. (+10% HP)


Message History

You are too injured to fight recklessly!
Casting: Scorch (safe; 1% risk of failure)
Confirm with . or Enter, or press ? or * to list all spells.
You conjure some foxfire!
A vampire comes into view.
Casting: Foxfire (safe; 1% risk of failure)
Confirm with . or Enter, or press ? or * to list all spells.
You conjure some foxfire!
The foxfire hits the wight.
The wight is lightly damaged.
The foxfire hits the wight but does no damage.
The wight is lightly damaged.
A wight comes into view. It is wielding a +0 short sword.
As you read the scroll labelled HEDYNU VIMP, it crumbles to dust.
It is a scroll of amnesia.
Really abort (and waste the scroll)?
Okay, then.
The foxfire hits the wight.
The wight is heavily damaged.
The foxfire hits the wight but does no damage.
The wight is heavily damaged.
A wight comes into view. It is wielding a +0 scimitar.
As you read the scroll labelled YPUEN LETHIYTO, it crumbles to dust.
It is a scroll of enchant armour.
Your +0 pair of gloves glows green for a moment.
A wight comes into view. It is wielding a +0 hand axe.
You block the wight's attack.
As you read the scroll labelled OSERRA NOYKUFF, it crumbles to dust.
You hear a loud clanging noise!
It was a scroll of noise.
You hear a bellow! x2; You hear a shout! x4; You hear a howl!
You hear a shout!
The wight hits you with a +0 falchion!
* * * LOW HITPOINT WARNING * * *
You feel drained.
* * * LOW HITPOINT WARNING * * *
As you read the scroll labelled YFIWOFOE LAEKHLI, it crumbles to dust.
You feel strangely unstable.
It was a scroll of teleportation.
The wight hits you with a +4 hand axe of freezing!
* * * LOW HITPOINT WARNING * * *
You feel drained.
You die...

.......... , , ,, ,,, ,,
, .......... ,,, , , *
##.####### * ** * #.# ,,
#.# , #.# #########
##.############.......##,
...................#
....,
................@.###....
,
###.............zz......
*,*
#..########..V#.).).#.
#..# #..##..z..# ###..#
##..#z)z).#.. *
...[.#########....†......
*
..................###...
#########.........†# ...
* #..######.....,


You could see a vampire and 5 wights.

Vanquished Creatures
  A two-headed ogre (D:9)
  Joseph (D:7)
  Maggie (D:7)
  Sigmund (D:3)
  A vampire (D:10)
  11 yaks (D:8)
  2 wyverns
  4 vampire mosquitoes (D:10)
  Menkaure (D:7)
  An acid dragon (D:10)
  2 water moccasins
  Duvessa (D:7)
  3 orc warriors
  2 ogres
  4 centaurs
  A phantom (D:4)
  A kobold brigand (D:7)
  2 bullfrogs
  Blork the orc (D:4)
  2 scorpions (D:4)
  Dowan (D:7)
  6 killer bees (D:8)
  2 howler monkeys
  3 hounds
  2 jellies
  An orc priest (D:8)
  6 orc wizards
  3 iguanas
  2 sleepcaps
  2 adders
  A white imp (D:6)
  2 ufetubi
  28 orcs
  An endoplasm (D:2)
  3 giant cockroaches
  A hobgoblin (D:1)
  5 kobolds
  A quokka (D:5)
  A ball python (D:1)
  A bat (D:1)
  A frilled lizard (D:1)
  6 goblins
122 creatures vanquished.

Vanquished Creatures (others)
  116 foxfires
116 creatures vanquished.

Grand Total: 238 creatures vanquished

Notes
Turn   | Place    | Note
-------+----------+-------------------------------------------
     0 | D:1      | hawla the Meteoran Fire Elementalist began the quest for
                  | the Orb.
     0 | D:1      | Reached XP level 1. HP: 14/14 MP: 5/5
   104 | D:1      | Reached skill level 4 in Fire Magic
   104 | D:1      | Reached XP level 2. HP: 20/20 MP: 4/6
   136 | D:1      | Learned a level 2 spell: Scorch
   162 | D:3      | Noticed Sigmund
   170 | D:3      | Killed Sigmund
   171 | D:3      | Reached skill level 1 in Fighting
   171 | D:3      | Reached skill level 1 in Axes
   171 | D:3      | Reached skill level 5 in Fire Magic
   171 | D:3      | Reached XP level 3. HP: 28/28 MP: 0/9
   171 | D:3      | Reached XP level 4. HP: 35/35 MP: 0/11
   171 | D:3      | Reached XP level 5. HP: 40/40 MP: 0/12
   171 | D:3      | Reached XP level 6. HP: 47/47 MP: 0/13
   245 | D:3      | Learned a level 4 spell: Flame Wave
   328 | D:4      | Found a snail-covered altar of Cheibriados.
   331 | D:4      | Found a glowing silver altar of Zin.
   374 | D:4      | Reached skill level 5 in Conjurations
   374 | D:4      | Reached XP level 7. HP: 52/52 MP: 9/14
   418 | D:4      | Noticed Blork the orc
   424 | D:4      | Killed Blork the orc
   700 | D:5      | Entered Level 5 of the Dungeon
   700 | D:5      | Found a staircase to the Ecumenical Temple.
   708 | Temple   | Entered the Ecumenical Temple
   775 | Temple   | Became a worshipper of Vehumet
   905 | D:5      | Reached skill level 6 in Fire Magic
   915 | D:5      | Noticed a water moccasin
   920 | D:5      | Gained mutation: You are robust. (+10% HP) [potion of
                  | mutation]
   920 | D:5      | Gained mutation: You have a pair of small horns on your
                  | head. [potion of mutation]
   923 | D:5      | Killed a water moccasin
   924 | D:5      | Reached XP level 8. HP: 21/64 MP: 2/16
   928 | D:5      | Reached skill level 5 in Spellcasting
   928 | D:5      | Found Poyg's Antique Armour Emporium.
  1127 | D:6      | Reached skill level 7 in Fire Magic
  1151 | D:7      | Noticed Maggie
  1392 | D:7      | Noticed Dowan
  1393 | D:7      | Noticed Duvessa
  1401 | D:7      | Killed Duvessa
  1402 | D:7      | Gained mutation: You passively map the area around you.
                  | [Meteoran growth]
  1402 | D:7      | Reached XP level 9. HP: 62/70 MP: 7/20
  1404 | D:7      | Killed Dowan
  1537 | D:7      | Noticed Joseph
  1541 | D:7      | Reached * piety under Vehumet
  1541 | D:7      | Offered knowledge of Shock by Vehumet.
  1542 | D:7      | Reached skill level 8 in Fire Magic
  1547 | D:7      | Killed Joseph
  1574 | D:7      | Noticed Menkaure
  1577 | D:7      | Killed Menkaure
  1616 | D:7      | Killed Maggie
  1617 | D:7      | Reached skill level 9 in Fire Magic
  1745 | D:7      | Reached XP level 10. HP: 67/80 MP: 18/23
  2179 | D:8      | Reached skill level 1 in Maces & Flails
  2179 | D:8      | Reached skill level 10 in Fire Magic
  2196 | D:8      | Reached ** piety under Vehumet
  2220 | D:8      | Reached skill level 10 in Spellcasting
  2220 | D:8      | Offered knowledge of Momentum Strike by Vehumet.
  2225 | D:8      | Reached skill level 5 in Dodging
  2257 | D:8      | Found a sacrificial altar of Ru.
  2263 | D:8      | Reached XP level 11. HP: 44/89 MP: 4/26
  2369 | D:8      | Identified the +1 ring mail of Ibommusi {*Slow rElec rC+}
  2516 | D:9      | Reached skill level 11 in Fire Magic
  2552 | D:9      | Found Agguy's Book Boutique.
  2912 | D:9      | Reached skill level 1 in Evocations
  2913 | D:9      | Identified the staff of conjuration "Axaazeul" {rElec rF-
                  | rC+ Str+6}
  2942 | D:9      | Noticed a two-headed ogre
  2950 | D:9      | Killed a two-headed ogre
  3092 | D:10     | Entered Level 10 of the Dungeon
  3104 | D:10     | Found the Hermit's Pendant {Faith Invo=14 Evo=0 MP+5}
  3122 | D:10     | Found an iron altar of Okawaru.
  3131 | D:10     | Reached skill level 1 in Ice Magic
  3156 | D:10     | Slain by a wight

Illustrated notes

Levels and vault maps discovered:
D:1:      mrwooster_arrival_arrow, layout_basic, nrook_mini_backslash
D:2:      layout_basic, uniq_jessica
D:3:      cheibrodos_helix_gallery, layout_basic, uniq_sigmund
D:4:      layout_cave_pools, grunt_temple_overflow_open, uniq_blork_the_orc
D:5:      layout_loops_cross, nicolae_tso_swordbearing_angel,
          minmay_temple_entry_statues_fountains, serial_shops, shop
D:6:      layout_basic, nicolae_dithmenos_the_darkroom
D:7:      layout_basic, uniq_maggie, uniq_joseph, uniq_menkaure, uniq_duvessa
D:8:      layout_basic, nicolae_ru_awakened_eye, minmay_misc_feat_five,
          nicolae_figureground_pulse
D:9:      layout_roguey, serial_shops, shop
D:10:     layout_long_grid, okawaru_ov_weapons_minmay,
          hangedman_decor_slide_cut, nicolae_shop_vocational, uniq_erica
Temple:   nicolae_temple_x_marks_the_god

Skill      XL: |  1  2  3  4  5  6  7  8  9 10 11 |
---------------+----------------------------------+-----
Fire Magic     | 4 5 6 7 9 10 11 | 11.0
Fighting       | 1 2 |  2.9
Axes           | 1 2 |  2.9
Dodging        | 3 4 5 |  5.3
Spellcasting   | 4 6 8 10 | 10.7
Conjurations   | 5 6 7 |  7.8
Maces & Flails | 2 3 |  3.1
Evocations     | 3 |  3.4
Staves         | 4 |  4.9
Ice Magic      | 3 |  3.0
Stealth        | |  1.4

Action                     |  1- 3 |  4- 6 |  7- 9 | 10-12 || total
---------------------------+-------+-------+-------+-------++-------
  Melee: Hand axe          |    13 |     2 |    26 |       ||    41
         Headbutt          |       |       |     7 |     3 ||    10
         Morningstar       |       |       |       |    17 ||    17
         Staff             |       |       |       |     1 ||     1
   Cast: Foxfire           |    12 |     7 |    20 |    27 ||    66
         Scorch            |     4 |     4 |    32 |    13 ||    53
         Flame Wave        |       |     1 |    14 |    18 ||    33
    Use: Scroll            |     2 |       |     4 |     5 ||    11
         Potion            |     1 |       |     2 |     2 ||     5
 Armour: Robe              |     7 |     1 |     8 |       ||    16
         Steam dragon scal |       |       |       |    16 ||    16
  Dodge: Dodged            |    19 |     1 |    43 |    54 ||   117
  Block: Other             |       |       |    15 |    30 ||    45
         Reflection        |       |       |     2 |     5 ||     7
